 Dungeon Crawl Stone Soup version 0.16.1-11-g651b585 (webtiles) character file.

1565 LuckyCent the Ruffian (level 8, 0/79 HPs)
             Began as a Troll Monk on Apr 4, 2015.
             Was an Elder of Okawaru.
             Succumbed to a water moccasin's poison
             ... on level 6 of the Dungeon.
             The game lasted 00:37:32 (4357 turns).

LuckyCent the Ruffian (Troll Monk)                  Turns: 4357, Time: 00:37:32

Health: 0/79       AC:  5    Str: 22    XL:     8   Next: 59%
Magic:  3/3        EV: 12    Int:  6    God:    Okawaru [****..]
Gold:   59         SH:  0    Dex: 12    Spells: 0 memorised, 7 levels left

rFire  + . .     SeeInvis .       - Unarmed
rCold  + . .     Clarity  .     a - +0 robe
rNeg   . . .     SustAb   .     (shield restricted)
rPois  +         Gourm    +     (helmet restricted)
rElec  +         Spirit   .     (no cloak)
rCorr  +         Warding  .     (gloves unavailable)
rMut   .         Stasis   .     (boots unavailable)
MR     +....                    h - amulet of the gourmand
Stlth  ++........               s - ring of protection from magic
                                d - ring of wizardry

@: lethally poisoned (0 -> -13), resistant, somewhat resistant to hostile
enchantments, unstealthy
A: unfitting armour, claws 3, fast metabolism 3, gourmand, regeneration 2,
shaggy fur 1, tough skin 2
a: Heroism, Renounce Religion


You were on level 6 of the Dungeon.
You worshipped Okawaru.
Okawaru was greatly pleased with you.
You were not hungry.

You visited 1 branch of the dungeon, and saw 6 of its levels.

You collected 374 gold pieces.
You spent 315 gold pieces at shops.

Inventory:

Armour
 a - a +0 robe (worn)
 c - a +0 chain mail
 x - a cursed +0 shield
Magical staves
 y - an uncursed staff of cold {unknown}
Jewellery
 d - a ring of wizardry (left claw)
 h - an amulet of the gourmand (around neck)
 s - a ring of protection from magic (right claw)
 v - an uncursed ring of protection from magic
 E - a cursed ring of loudness {unknown}
Scrolls
 f - a scroll of fear {unknown}
 j - 13 scrolls of identify {unknown}
 m - a scroll of enchant armour {unknown}
 o - 3 scrolls of magic mapping {unknown}
 r - 2 scrolls of teleportation {unknown}
 w - a scroll of noise {unknown}
 A - a scroll of recharging {unknown}
Potions
 e - 2 potions of heal wounds {unknown}
 g - a potion of might {unknown}
 i - a potion of invisibility {unknown}
 k - 2 potions of haste
 l - 3 potions of curing {unknown}
 n - a potion of poison {unknown}
 p - a potion of restore abilities {unknown}
 t - a potion of cancellation {unknown}
 u - a potion of lignification {unknown}
 z - a potion of brilliance {unknown}
 B - 3 potions of resistance
 G - a potion of magic {unknown}
Comestibles
 b - 9 meat rations
 q - 5 fruits
 C - 7 bread rations
 D - a royal jelly
 F - a beef jerky


   Skills:
 + Level 4.7 Fighting
 + Level 6.2 Dodging
 + Level 2.0 Stealth
 + Level 7.4 Unarmed Combat


You had 7 spell levels left.
You didn't know any spells.

Dungeon Overview and Level Annotations

Branches:
Dungeon (6/15)             Temple (0/1) D:4

Altars:
Ashenzari
Gozag
Nemelex Xobeh
Okawaru
The Shining One

Shops:
D:6 [[%


Innate Abilities, Weirdness & Mutations

You are too large for most types of armour.
You have claws for hands.
Your metabolism is lightning-fast.
You like to eat raw meat.
You heal very quickly.
You are covered in fur (AC +1).
You have very tough skin (AC +2).


Message History

* * * LOW HITPOINT WARNING * * *
You are poisoned.
The water moccasin poisons you!
You closely miss the water moccasin.
You feel sick. The water moccasin closely misses you.
You claw the water moccasin!
The water moccasin begins to bleed from its wounds!
The water moccasin is moderately wounded.
The water moccasin bites you.
* * * LOW HITPOINT WARNING * * *
You are lethally poisoned!
The water moccasin poisons you!
The orc priest becomes somewhat translucent.
* * * LOW HITPOINT WARNING * * *
You feel very sick. The water moccasin closely misses you.
Drink which item? (? for menu, Esc to quit)
It was a potion of resistance.
You feel protected.
You die...

......##...##.#####
#.# #.###
...........##.#######
#.#####.# #
......##...##.......#
#.......#
......###.#########.#
######### ###.#.# ...
####.# #.#.# ###
#....# #.... #.####
####.# #.# .# #@# .
#S# #o# #o. #...
..... ###.## .. .##


You could see a water moccasin (bleeding), an orc priest and an orc.

Vanquished Creatures
  Pikel (D:6)
  4 ogres
  A slave (D:6)
  A centaur (D:5)
  A sky beast (D:5)
  A black bear (D:5)
  A scorpion (D:5)
  2 hounds
  A giant frog zombie (D:5)
  An orc priest (D:3)
  2 orc wizards
  A worker ant (D:4)
  Robin (D:4)
  3 gnolls (D:3)
  8 adders
  2 giant mites
  An adder skeleton (D:5)
  4 giant geckos
  12 orcs
  2 ball pythons
  5 giant cockroaches
  10 hobgoblins
  15 jackals
  16 kobolds
  A quokka (D:5)
  8 bats
  2 giant newts
  27 goblins
  A quokka skeleton (D:6)
  A quokka zombie (D:6)
  17 rats
  A ballistomycete (D:6)
154 creatures vanquished.

Vanquished Creatures (others)
  A giant spore (D:6)
1 creature vanquished.

Grand Total: 155 creatures vanquished

Notes
Turn   | Place    | Note
--------------------------------------------------------------
     0 | D:1      | LuckyCent, the Troll Monk, began the quest for the Orb.
     0 | D:1      | Reached XP level 1. HP: 22/22 MP: 1/1
    94 | D:1      | Reached XP level 2. HP: 26/29 MP: 1/1
   419 | D:1      | Reached XP level 3. HP: 36/36 MP: 2/2
   846 | D:2      | Found an opulent altar of Gozag.
  1086 | D:2      | Reached XP level 4. HP: 37/44 MP: 2/2
  1140 | D:2      | Found an iron altar of Okawaru.
  1151 | D:2      | Became a worshipper of Warmaster Okawaru
  1151 | D:2      | Acquired Okawaru's first power
  1570 | D:3      | Reached skill level 5 in Unarmed Combat
  1687 | D:3      | Reached XP level 5. HP: 49/53 MP: 2/2
  2207 | D:3      | Found a glowing golden altar of the Shining One.
  2475 | D:4      | Noticed an ogre
  2508 | D:3      | Killed an ogre
  2508 | D:3      | Reached XP level 6. HP: 19/61 MP: 3/3
  2614 | D:4      | Found a shattered altar of Ashenzari.
  2712 | D:4      | Found a staircase to the Ecumenical Temple.
  2759 | D:4      | Noticed Robin
  2792 | D:4      | Killed Robin
  3071 | D:5      | Entered Level 5 of the Dungeon
  3101 | D:5      | HP: 2/61 [quokka (5)]
  3278 | D:5      | Reached XP level 7. HP: 59/67 MP: 3/3
  3352 | D:5      | Reached skill level 6 in Unarmed Combat
  3412 | D:5      | Reached skill level 5 in Dodging
  3675 | D:5      | Found a sparkling altar of Nemelex Xobeh.
  3903 | D:6      | Found Imeocles' Food Emporium.
  3913 | D:6      | Reached XP level 8. HP: 78/78 MP: 3/3
  3929 | D:6      | Bought a bread ration for 50 gold pieces
  3929 | D:6      | Bought a bread ration for 50 gold pieces
  3929 | D:6      | Bought a bread ration for 50 gold pieces
  3929 | D:6      | Bought a bread ration for 50 gold pieces
  3929 | D:6      | Bought a meat ration for 50 gold pieces
  3929 | D:6      | Bought a meat ration for 50 gold pieces
  3929 | D:6      | Bought a beef jerky for 15 gold pieces
  3934 | D:6      | Found Judadekkenn's Antique Armour Boutique.
  3996 | D:6      | Found Miur's Armour Shoppe.
  4136 | D:6      | Noticed Pikel
  4154 | D:6      | Killed Pikel
  4154 | D:6      | Reached skill level 7 in Unarmed Combat
  4355 | D:6      | HP: 3/79 [water moccasin (6)]
  4356 | D:6      | HP: 1/79 [poisoned by a water moccasin]
  4357 | D:6      | Succumbed to a water moccasin's poison

Action                   |  1- 3 |  4- 6 |  7- 9 || total
-------------------------+-------+-------+-------++-------
Melee: Unarmed           |    92 |   175 |   114 ||   381
  Use: Potion            |       |     1 |     1 ||     2
  Eat: Chunk             |     7 |    23 |     9 ||    39
       Beef jerky        |       |     1 |       ||     1
